 Dungeon Crawl Stone Soup version 0.31-a0-986-g5e6e4ef867 (webtiles) character file.

Game seed: 6973707132003693285

53 Forgeling the Stinger (level 4, 0/33 HPs)
             Began as a Meteoran Venom Mage on Nov 13, 2023.
             Slain by an orc wizard
             ... wielding a +0 dagger
              (2 damage)
             ... on level 3 of the Dungeon.
             The game lasted 00:04:17 (414 turns).

Forgeling the Stinger (Meteoran Venom Mage)          Turns: 414, Time: 00:04:17

Health: 0/33       AC:  2    Str:  9    XL:     4   Next: 31%
Magic:  5/9        EV: 12    Int: 18    God:
Gold:   38         SH:  0    Dex: 15    Spells: 3/8 levels left

rFire   . . .        (no weapon)
rCold   . . .        (no shield)
rNeg    + . .        a - +0 robe
rPois   .            (no helmet)
rElec   .            (no cloak)
rCorr   .            (no gloves)
SInv    .            (no boots)
Will    .....        f - amulet of faith
Stlth   +            i - ring of positive energy
HPRegen 0.25/turn    (no ring)
MPRegen 0.11/turn

%: faith
@: glowing
A: sense surroundings 1, otherworldly, glowing, explore regen
a: no special abilities


You were on level 3 of the Dungeon.
You visited 1 branch of the dungeon, and saw 4 of its levels.

You collected 38 gold pieces.

Inventory:

Armour
 a - a +0 robe (worn)
Jewellery
 f - an amulet of faith (around neck)
 i - a ring of positive energy (left hand)
Wands
 h - a wand of quicksilver (5)
 q - a wand of flame (21)
Scrolls
 c - a scroll of amnesia {unknown}
 d - a scroll of identify {unknown}
Potions
 b - 2 potions of enlightenment {unknown}
 e - a potion of ambrosia {unknown}
 g - a potion of curing {unknown}
 Q - a potion of magic


   Skills:
 - Level 2.1 Dodging
 - Level 1.4 Stealth
 - Level 2.6 Spellcasting
 - Level 1.2 Transmutations
 + Level 5.6 Poison Magic


You had 3 spell levels left.
You knew the following spells:

 Your Spells              Type           Power      Damage    Failure   Level
a - Sting                 Tmut/Pois      56%        1d5       4%          1
w - Olgreb's Toxic Radia  Pois           22%        N/A       16%         4

Your spell library contained the following spells:

 Spells                   Type           Power      Damage    Failure   Level
 Poisonous Vapours        Pois/Air       24%        N/A       8%          2
 Mephitic Cloud           Conj/Pois/Air  9%         N/A       24%         3


Dungeon Overview and Level Annotations

Branches:
Dungeon (4/15) Zot: 1985
 Temple: D:4-7

Altars:
Cheibriados


Innate Abilities, Weirdness & Mutations

You passively map a small area around you.
You are easily found by Zot.
You glow in the dark.
You regain HP and MP as you explore.


Message History

You hear an angry hiss.
You kill the orc!
You are confused.
You're too confused to move!
You're too confused to move!
A magic dart appears from out of thin air!
The magic dart hits you.
You feel less confused.
A puff of flame appears from out of thin air!
The puff of flame hits you!
Casting: Olgreb's Toxic Radiance (extremely dangerous; 16% risk of failure)
Confirm with . or Enter, or press ? or * to list all spells.
You can't see any susceptible monsters within range! (Use Z to cast anyway.)
A frilled lizard and a dart slug come into view.
Found a leather armour.
The frilled lizard hisses angrily.
You are confused.
You bump into the rock wall.
You miss the frilled lizard.
A puff of flame appears from out of thin air!
The puff of flame hits you!
* * * LOW HITPOINT WARNING * * *
The frilled lizard bites you.
* * * LOW HITPOINT WARNING * * *
The frilled lizard attacks as it pursues you!
A magic dart appears from out of thin air!
The magic dart hits you.
* * * LOW HITPOINT WARNING * * *
You bump into the rock wall.
You bump into the rock wall.
An adder comes into view.
Something hits you.
* * * LOW HITPOINT WARNING * * *
You completely miss something.
You feel less confused.
The adder hisses angrily.
The frilled lizard bites you.
* * * LOW HITPOINT WARNING * * *
Something hits you.
You die...

#.# #......... ###*
* #.###†##...... ..
,, ######..†.##
#####...# *
.......#†## ..# *
###....# .[.#.. ,
#####....####
###.....#
............#
#.w.....#
####.#†##.#.# #l#*
, #.#.##.#.# #@# ,
,
####....#.#.####.#*
, * *
.............†...#
, * ,
####............##
, * #.....##.###.#
* ,* ##...###.# #)#
,#, * ##### ...
#S###..#.#
.###.#.)o...... , ,
#. #.......####


You could see an adder, a dart slug and a frilled lizard.

Vanquished Creatures
  2 adders
  A worm (D:3)
  A dart slug (D:3)
  3 orcs (D:3)
  2 bats
  A giant cockroach (D:2)
  2 goblins (D:2)
  6 hobgoblins
  A kobold (D:1)
  A quokka (D:1)
  4 ball pythons
  2 rats (D:2)
26 creatures vanquished.

Notes
Turn   | Place    | Note
-------+----------+-------------------------------------------
     0 | D:1      | Forgeling the Meteoran Venom Mage began the quest for the
                  | Orb.
     0 | D:1      | Reached XP level 1. HP: 14/14 MP: 5/5
    89 | D:2      | Reached skill level 4 in Poison Magic
   106 | D:2      | Reached XP level 2. HP: 20/20 MP: 3/6
   185 | D:2      | Reached XP level 3. HP: 26/26 MP: 1/8
   308 | D:3      | Reached skill level 5 in Poison Magic
   318 | D:4      | Found a snail-covered altar of Cheibriados.
   387 | D:3      | Reached XP level 4. HP: 29/33 MP: 2/9
   392 | D:3      | Learned a level 4 spell: Olgreb's Toxic Radiance
   414 | D:3      | Slain by an orc wizard

Illustrated notes

Levels and vault maps discovered:
D:1:      dpeg_arrival_leaves_temple_mockup, layout_loops_ring,
          dreamdust_ecumenical_altar_sealed_demon
D:2:      layout_rooms
D:3:      layout_loops_ring, nicolae_dithmenos_through_a_glass_darkly,
          uniq_crazy_yiuf_cottage
D:4:      layout_cave_pools, cheibriados_altar_1, lemuel_round_altar,
          minmay_temple_entry_offerings, uniq_grinder, uniq_ijyb

Skill      XL: |  1  2  3 |
---------------+----------+-----
Poison Magic   | 4 5 |  5.6
Dodging        | |  2.1
Stealth        | |  1.4
Spellcasting   | |  2.6
Transmutations | |  1.2

Action                     |  1- 3 |  4- 6 || total
---------------------------+-------+-------++-------
  Melee: Unarmed           |     4 |     2 ||     6
   Cast: Sting             |    42 |       ||    42
         Olgreb's Toxic Ra |       |     1 ||     1
 Armour: Robe              |    21 |    10 ||    31
  Dodge: Dodged            |    20 |     4 ||    24

Table legend: (Time is in decaauts)
 A = Elapsed time spent in this place.
 B = Non-inter-level travel time spent in this place.
 C = Inter-level travel time spent in this place.
 D = Time resting spent in this place.
 E = Time spent auto-exploring this place.
 F = Levels seen in this place.
 G = Mean time per level.
                   A        B        C        D        E       F      G
               +--------+--------+--------+--------+--------+-----+--------+
         Total |    413 |    413 |      0 |      0 |      0 |   4 |  103.2 |
       Dungeon |    413 |    413 |      0 |      0 |      0 |   4 |  103.2 |
               +--------+--------+--------+--------+--------+-----+--------+

Top non-repeatable levels by time:
     D:2: 252 daAuts
     D:3: 97 daAuts
     D:4: 32 daAuts
     D:1: 30 daAuts
